 Dungeon Crawl Stone Soup version 0.28-a0-1227-ga9037bb4c8 (webtiles) character file.

Game seed: 10884408010433657832

2858 tilp the Basher (level 9, 0/75 HPs)
             Began as a White Draconian Cinder Acolyte on Dec 22, 2021.
             Was a High Priest of Ignis.
             Killed from afar by Dowan (17 damage)
             ... with a shard of ice
             ... on level 7 of the Dungeon.
             The game lasted 00:11:31 (9325 turns).

tilp the Basher (White Draconian Cinder Acolyte)    Turns: 9325, Time: 00:11:31

Health: 0/75       AC:  7    Str: 17    XL:     9   Next: 47%
Magic:  0/10       EV: 12    Int: 18    God:    Ignis [*****.]
Gold:   1010       SH:  0    Dex:  7    Spells: 8/10 levels left

rFire   + . .      SeeInvis +   a - -1 mace (flame)
rCold   + . .      Faith    .   (no shield)
rNeg    + . .      Spirit   +   (armour unavailable)
rPois   .          Reflect  .   (helmet restricted)
rElec   .          Harm     .   (no cloak)
rCorr   .          Rampage  .   (no gloves)
Will    .....                   (no boots)
Stlth   ++........              n - amulet of guardian spirit
HPRegen 0.22/turn               j - ring of see invisible
MPRegen 0.12/turn               i - ring of positive energy

@: no status effects
A: breathe frost, AC +7, unfitting armour, cold resistance 1, cold-blooded
a: Breathe Frost, Renounce Religion, Fiery Armour, Foxfire Swarm, Rising Flame


You were on level 7 of the Dungeon.
You worshipped Ignis.
Ignis was extremely pleased with you.
You visited 1 branch of the dungeon, and saw 7 of its levels.

You collected 1010 gold pieces.

Inventory:

Hand Weapons
 a - a -1 mace of flaming (weapon)
 b - a +0 whip of electrocution
 e - a +0 flail
 h - a +0 great mace
 r - a +2 flail of protection
Missiles
 f - 198 stones (quivered)
Magical Staves
 d - a staff of conjuration
 o - a staff of air
Jewellery
 g - a ring of ice
 i - a ring of positive energy (right hand)
 j - a ring of see invisible (left hand)
 n - an amulet of guardian spirit (around neck)
Wands
 p - a wand of charming (2)
 u - a wand of polymorph (9)
Scrolls
 l - 2 scrolls of identify
 m - a scroll of blinking
 s - a scroll of vulnerability
 t - a scroll of teleportation
 v - a scroll of fear {unknown}
Potions
 c - 2 potions of curing
 k - 3 potions of heal wounds
 q - a potion of mutation


   Skills:
 - Level 6.0 Fighting
 + Level 9.0 Maces & Flails
 - Level 4.0 Dodging
 - Level 4.0 Stealth
 - Level 1.0 Spellcasting
 - Level 6.0 Fire Magic


You had 8 spell levels left.
You knew the following spells:

 Your Spells              Type           Power      Damage    Failure   Level
a - Scorch                Fire           44%        2d7       2%          2

Your spell library contained the following spells:

 Spells                   Type           Power      Damage    Failure   Level
 Foxfire                  Conj/Fire      44%        2x1d6     6%          1
 Conjure Flame            Conj/Fire      11%        6-21      17%         3
 Inner Flame              Hex/Fire       11%        N/A       17%         3
 Flame Wave               Conj/Fire      11%        2d5       50%         4
 Airstrike                Air            0%         N/A       89%         4
 Animate Dead             Necr           0%         N/A       89%         4
 Summon Lightning Spire   Summ/Air       0%         N/A       89%         4
 Borgnjor's Vile Clutch   Necr/Erth      0%         N/A       99%         5
 Lightning Bolt           Conj/Air       0%         1d11      99%         5
 Death Channel            Necr           0%         N/A       100%        6


Dungeon Overview and Level Annotations

Branches:
Dungeon (7/15)             Temple (0/1) D:4

Altars:
Fedhas
Hepliaklqana

Annotations:
D:7 Dowan


Innate Abilities, Weirdness & Mutations

You can breathe waves of freezing cold which knock back foes.
Your icy white scales are hard. (AC +7)
You cannot fit into any form of body armour.
Your flesh is cold resistant. (rC+)
You are cold-blooded and may be slowed by cold attacks.


Message History

You hit Duvessa. You burn Duvessa.
Duvessa is moderately wounded.
Duvessa says, "When magic and the sword combine, nothing stands against them."
Duvessa hits you with a +0 rapier.
You barely miss Duvessa.
Duvessa is moderately wounded.
Duvessa is no longer more vulnerable to fire.
Duvessa hits you but does no damage. Duvessa hits you with a +0 rapier.
You hit Duvessa. You burn Duvessa.
You tail-slap Duvessa, but do no damage.
Duvessa is heavily wounded.
Duvessa hits you with a +0 rapier.
You closely miss Duvessa.
Duvessa is heavily wounded.
The wyvern skeleton is no longer more vulnerable to fire.
Duvessa hits you with a +0 rapier. x2
You sock Duvessa! You burn Duvessa.
Duvessa is almost dead.
Duvessa completely misses you.
You hit Duvessa but do no damage.
Duvessa is almost dead.
Duvessa says, "When magic and the sword combine, nothing stands against them."
Duvessa hits you with a +0 rapier.
* * * LOW HITPOINT WARNING * * *
Unknown command.
You thump Duvessa! You burn Duvessa.
You kill Duvessa!
You hear a distant wail of despair.
Your Maces & Flails skill increases to level 9!
Unknown command.
Dowan seems to find hidden reserves of power!
Dowan points at you and mumbles some strange words.
The stone arrow misses you.
Dowan points at you and mumbles some strange words.
The shard of ice hits you! You partially resist.
* * * LOW HITPOINT WARNING * * *
Dowan says, "Her death will not be in vain!"
Dowan casts a spell at you. The shard of ice hits you!! You partially resist.
You die...

#.##....##.......#Z.###..########
#.#...[....P....##..###..###.....
..#........P....+.Z.#.....#..#...
..#........P....#...#.....'..#...
###........P....#...#.....#..#...
..............Ze#...#.....#..#...
................#...#.....#..'...
.........>._....###+###..##+##...
........##...+#.@.....#..#....###
........#.....#.......+..#....#
........+..P..#.......#..'....#
........##.P.##.......#+##....###
...#######.P.#####...............
+.......P.....#........>......
#.............'...............
#+##'##...##..#...[...........
#..#.♣[##..###.<....#######


You could see Dowan (fast) and a wyvern skeleton.

Vanquished Creatures
  Pikel (D:5)
  Maggie (D:6)
  Eustachio (D:6)
  Menkaure (D:6)
  Edmund (D:6)
  An ice beast (D:6)
  A water moccasin (D:6)
  Duvessa (D:7)
  A black bear (D:6)
  2 necrophages (D:6)
  A lemure (D:6)
  3 centaurs
  A phantom (D:5)
  A bullfrog (D:5)
  2 scorpions
  A water moccasin skeleton (D:4)
  A centaur zombie (D:7)
  A bullfrog zombie (D:5)
  A jelly (D:4)
  2 hounds (D:5)
  An orc priest (D:5)
  A scorpion zombie (D:5)
  An iguana (D:7)
  2 orc wizards
  Natasha (thrice) (D:3)
  A killer bee zombie (D:6)
  A hound skeleton (D:3)
  10 gnolls
  7 adders
  A howler monkey skeleton (D:5)
  A shadow imp (D:6)
  An ufetubus (D:3)
  An adder zombie (D:5)
  3 worms
  5 dart slugs
  12 orcs
  9 ball pythons
  5 endoplasms
  2 giant cockroaches
  10 goblins
  6 hobgoblins
  2 jackals (D:1)
  2 quokkas (D:3)
  7 bats
  3 kobolds
  9 rats
131 creatures vanquished.

Notes
Turn   | Place    | Note
-------+----------+-------------------------------------------
     0 | D:1      | tilp the Draconian Cinder Acolyte began the quest for the
                  | Orb.
     0 | D:1      | Reached XP level 1. HP: 19/19 MP: 2/2
   430 | D:1      | Reached XP level 2. HP: 15/26 MP: 3/3
   687 | D:1      | Learned a level 2 spell: Scorch
   792 | D:1      | Reached XP level 3. HP: 33/33 MP: 4/4
  1182 | D:1      | Identified a scroll of acquirement
  1182 | D:1      | Acquired 672 gold pieces
  1419 | D:2      | Found a faded altar of an unknown god.
  1432 | D:2      | Reached skill level 4 in Maces & Flails
  1986 | D:2      | Reached XP level 4. HP: 40/40 MP: 0/5
  2529 | D:3      | Noticed Natasha
  2534 | D:3      | Killed Natasha
  2541 | D:3      | Reached skill level 5 in Maces & Flails
  2815 | D:3      | Noticed Natasha
  2819 | D:3      | Killed Natasha
  2820 | D:3      | Reached XP level 5. HP: 46/46 MP: 1/6
  2827 | D:3      | Noticed Natasha
  2839 | D:3      | Killed Natasha
  3966 | D:4      | Reached skill level 6 in Maces & Flails
  4150 | D:4      | Reached XP level 6. HP: 50/52 MP: 0/7
  4488 | D:4      | Identified the +2 robe "Uwiecvej" {+Blink rPois SInv}
  4802 | D:4      | Found a staircase to the Ecumenical Temple.
  4944 | D:4      | Reached skill level 5 in Fire Magic
  5529 | D:5      | Entered Level 5 of the Dungeon
  5540 | D:5      | Found a blossoming altar of Fedhas.
  5926 | D:5      | Your scales start taking on an icy white colour.
  5926 | D:5      | Reached XP level 7. HP: 59/59 MP: 3/8
  5926 | D:5      | Gained mutation: Your flesh is cold resistant. (rC+) [White
                  | Draconian growth]
  6124 | D:5      | Reached skill level 5 in Fire Magic
  7149 | D:6      | Reached XP level 8. HP: 57/66 MP: 4/9
  7156 | D:5      | Reached skill level 7 in Maces & Flails
  7463 | D:6      | Noticed Edmund
  7465 | D:6      | Noticed Maggie
  7481 | D:6      | Killed Edmund
  7482 | D:6      | Reached skill level 8 in Maces & Flails
  7486 | D:6      | Killed Maggie
  7589 | D:6      | Reached skill level 1 in Dodging
  7589 | D:6      | Reached skill level 1 in Stealth
  7673 | D:6      | Noticed Eustachio
  7720 | D:6      | Killed Eustachio
  7793 | D:6      | Noticed Pikel
  7822 | D:5      | Killed Pikel
  7823 | D:5      | Reached XP level 9. HP: 15/75 MP: 0/10
  8304 | D:6      | Noticed Menkaure
  8321 | D:6      | Killed Menkaure
  9006 | D:7      | Found a hazy altar of Hepliaklqana.
  9118 | D:7      | Identified the +5 ring mail of Incorporation {rF++}
  9277 | D:7      | Noticed Dowan
  9280 | D:7      | Noticed Duvessa
  9317 | D:7      | Killed Duvessa
  9318 | D:7      | Reached skill level 9 in Maces & Flails
  9325 | D:7      | Killed from afar by Dowan

Illustrated notes

Levels and vault maps discovered:
D:1:      scummos_arrival_simple_crosswalls, layout_basic
D:2:      layout_loops_corners, ebering_ecumenical_altar_petrified,
          minmay_stone_trees_small
D:3:      layout_loops_ring, uniq_natasha
D:4:      layout_loops_ring, minmay_temple_entry_junction
D:5:      nicolae_cairo_tiling_very_big, layout_gridville,
          mainiacjoe_overflow_chevrons
D:6:      layout_loops_cross, uniq_menkaure, uniq_eustachio, uniq_pikel,
          uniq_maggie, uniq_edmund
D:7:      layout_gridville, lemuel_doored_altar, mainiacjoe_overflow_boulevard,
          minivault_4, uniq_duvessa

Skill      XL: |  1  2  3  4  5  6  7  8  9 |
---------------+----------------------------+-----
Fighting       | 4 6 |  6.0
Maces & Flails | 4 5 6 8 9 |  9.0
Fire Magic     | 4 6 |  6.0
Dodging        | 3 4 |  4.0
Stealth        | 3 4 |  4.0
Spellcasting   | |  1.0

Action                   |  1- 3 |  4- 6 |  7- 9 || total
-------------------------+-------+-------+-------++-------
Melee: Mace              |   101 |    56 |   123 ||   280
       Tailslap          |     7 |     8 |    11 ||    26
Throw: Stone             |     3 |       |       ||     3
 Cast: Scorch            |     6 |    65 |    78 ||   149
  Use: Scroll            |     3 |     5 |     4 ||    12
       Potion            |       |       |     3 ||     3
 Stab: Sleeping          |       |     1 |       ||     1
Armor: Skin              |    38 |    14 |    61 ||   113
Dodge: Dodged            |    53 |    33 |    96 ||   182

Table legend: (Time is in decaauts)
 A = Elapsed time spent in this place.
 B = Non-inter-level travel time spent in this place.
 C = Inter-level travel time spent in this place.
 D = Time resting spent in this place.
 E = Time spent auto-exploring this place.
 F = Levels seen in this place.
 G = Mean time per level.
                   A        B        C        D        E       F      G
               +--------+--------+--------+--------+--------+-----+--------+
         Total |   9366 |   9151 |    215 |   1695 |   6394 |   7 | 1338.0 |
       Dungeon |   9366 |   9151 |    215 |   1695 |   6394 |   7 | 1338.0 |
               +--------+--------+--------+--------+--------+-----+--------+

Top non-repeatable levels by time:
     D:5: 1952 daAuts
     D:3: 1666 daAuts
     D:6: 1394 daAuts
     D:4: 1342 daAuts
     D:2: 1299 daAuts
     D:1: 1255 daAuts
     D:7: 456 daAuts
